[Event "Open Nuevo Centro. Jornada 1"]
[Site "Chess.com"]
[Date "2020.06.19"]
[Round "6"]
[White "Sanchis Bon, Sergi"]
[Black "Camison Zornoza, Cesar"]
[Result "0-1"]
[WhiteElo "1006"]
[BlackElo "1398"]
[TimeControl "180+2"]
[EndTime "11:39:15 PDT"]
[Termination "Victoria de cczchess2019 por jaque mate"]

1. e4 Nf6 2. Qf3 e5 3. g4 h6 4. h4 Nc6 5. c3 d5 6. exd5 Bxg4 7. Qe3 Nxd5 8. Qe4 f5 9. Qg2 Nf4 10. Qg3 Bd6 11. f3 e4 12. fxg4 Nd3+ 13. Qxd3 exd3 14. Bxd3 Bg3+ 15. Kd1 Qxd3 16. Ne2 O-O-O 17. Nxg3 Qxg3 18. Na3 Rhe8 19. b4 Qf3+ 20. Kc2 Qxh1 21. b5 Qe4+ 22.
Kb2 Ne5 23. gxf5 Nd3+ 24. Kb3 Nxc1+ 25. Rxc1 Rxd2 26. Nc4 Qd5 27. Kb4 a5+ 28. Kb3 a4+ 29.
Kb4 Rxa2 30. Rb1 Re4 31. Ka5 Rxc4 32. Rg1 b6+ 33. Ka6 Qa8# 0

[Event "Open Nuevo Centro. Jornada 1"]
[Site "Chess.com"]
[Date "2020.06.19"]
[Round "6"]
[White "Yatseta Fernandez, Marc Kazymyr"]
[Black "Perrot, Fabien "]
[Result "1-0"]
[WhiteElo "1399"]
[BlackElo "980"]
[TimeControl "180+2"]
[EndTime "11:39:20 PDT"]
[Termination "Victoria de K_73 por tiempo"]

1. d4 d5 2. c4 c6 3. g3 Nf6 4. Bg2 Bf5 5. Nf3 e6 6. Be3 Be7 7. Nbd2 O-O 8. O-O Qb6 9. Nh4 Bg4 10. h3 Bh5 11. c5 Qc7 12. Bf4 Qa5 13. Nb3 Qd8 14. Nf3 Bg6 15. Ne5 Nh5 16. Nxg6 hxg6 17. Be3 Bg5 18. Rc1 Bxe3 19. fxe3 Nxg3 20. Rf3 Ne4 21.
Qf1 Nd7 22. a3 Qg5 23. Rd1 Qxe3+ 24. Rxe3 1

[Event "Open Nuevo Centro. Jornada 1"]
[Site "Chess.com"]
[Date "2020.06.19"]
[Round "6"]
[White "Blanco Solaz, Ram�n"]
[Black "Luque Saiz, Andres"]
[Result "0-1"]
[WhiteElo "1973"]
[BlackElo "1851"]
[TimeControl "180+2"]
[EndTime "11:39:25 PDT"]
[Termination "Victoria de Chuch1n por abandono"]

1. g3 d5 2. c4 c6 3. Bg2 Nf6 4. Nf3 dxc4 5. O-O g6 6. a4 Bg7 7.
Na3 O-O 8. Nxc4 Nbd7 9. d4 Nb6 10. b3 Be6 11. Qc2 Nfd5 12. Ba3 Re8 13. e4 Nf6 14. Rad1 Qc7 15. a5 Nxc4 16. bxc4 Qxa5 17. Bb2 Qc7 18. e5 Nd7 19. Ng5 Bf5 20. Qb3 h6 21. Ne4 Rab8 22. f4 Bxe4 23. Bxe4 e6 24. Ra1 a6 25.
Rfc1 Bf8 26. Qc2 Kh7 27. h4 h5 28. Qe2 Kh6 29. Rc3 Be7 30. Bc1 Kg7 31. g4 hxg4 32. Qxg4 Rh8 33. Rh3 Rh5 34. Be3 Rbh8 35. Bf2 Nb6 36.
Rc1 Qd8 37. d5 cxd5 38. Bxb6 Qxb6+ 39. Kh1 dxe4 0

[Event "Open Nuevo Centro. Jornada 1"]
[Site "Chess.com"]
[Date "2020.06.19"]
[Round "6"]
[White "Chernikov, Vladimir"]
[Black "Campos Gambuti, Luis Mar�a"]
[Result "0-1"]
[WhiteElo "2240"]
[BlackElo "2336"]
[TimeControl "180+2"]
[EndTime "11:39:27 PDT"]
[Termination "Victoria de Tangalangafacv por abandono"]

1. b3 d5 2. Bb2 Bg4 3. h3 Bh5 4. d3 Nd7 5. Nd2 e5 6. Ngf3 Bd6 7. g4 Bg6 8. Bg2 Qe7 9. e4 dxe4 10. Nxe4 Bxe4 11. dxe4 Ba3 12. Bxa3 Qxa3 13. O-O Ne7 14. Nh4 Rd8 15. Qe2 Qc5 16. Rad1 O-O 17. Nf5 Ng6 18. c4 c6 19. Qe3 Qxe3 20. fxe3 Nc5 21. h4 Rfe8 22. h5 Nf8 23. h6 Rxd1 24. Rxd1 g6 25. Nd6 Rd8 26. Bf3 a5 27. Kf2 Nfe6 28. Ke2 Kf8 29.
a3 Ke7 30. b4 Rxd6 31. bxc5 Rxd1 32. Kxd1 Nxc5 33. g5 f6 34. gxf6+ Kxf6 35. Kc2 Kg5 0

[Event "Open Nuevo Centro. Jornada 1"]
[Site "Chess.com"]
[Date "2020.06.19"]
[Round "6"]
[White "Lupu, Alexandru Mihai"]
[Black "Rabbani Perez, Oumaima "]
[Result "1-0"]
[WhiteElo "992"]
[BlackElo "702"]
[TimeControl "180+2"]
[EndTime "11:39:33 PDT"]
[Termination "Victoria de KeenYoyo por jaque mate"]

1. d4 d5 2. Bf4 Bf5 3. e3 e6 4.
c3 c6 5. Bd3 Bd6 6. Bxf5 Bxf4 7. exf4 exf5 8. Nf3 Qe7+ 9. Qe2 Qxe2+ 10. Kxe2 Nf6 11.
Re1 O-O 12. Kf1 Nbd7 13. Na3 Ng4 14. h3 Nh2+ 15. Nxh2 Nf6 16. c4 b5 17. cxb5 cxb5 18.
Nxb5 Rab8 19. Nxa7 Rxb2 20. a4 Ne4 21. Re2 Rxe2 22.
Kxe2 Nc3+ 23. Kf1 Re8 24. Nf3 Ne4 25. a5 Ra8 26. Nc6 Ra6 27. Ne7+ Kf8 28. Nxf5 Nc3 29. Kg1 Nb5 30. Ne3 Rd6 31. a6 Nc7 32. a7 Rd8 33. Nxd5 Nxd5 34. a8=Q Rxa8 35. Rxa8+ Ke7 36. Ra7+ Kd6 37. Rxf7 Nxf4 38. Rxf4 Kd5 39. Rf5+ Ke4 40. Re5+ Kd3 41. Re3+ Kc2 42. d5 g5 43. Nxg5 h5 44. d6 Kd2 45. d7 Kc2 46. d8=Q Kb2 47. Qd2+ Kb1 48. Re1# 1

[Event "Open Nuevo Centro. Jornada 1"]
[Site "Chess.com"]
[Date "2020.06.19"]
[Round "6"]
[White "Fern�ndez Martin, Carlos"]
[Black "Martinez Villena, David"]
[Result "0-1"]
[WhiteElo "1451"]
[BlackElo "1711"]
[TimeControl "180+2"]
[EndTime "11:39:42 PDT"]
[Termination "Victoria de DavidMVAlaquas por jaque mate"]

1. e4 c5 2. Nc3 Nc6 3. g3 g6 4. Bg2 Bg7 5. Nf3 e6 6. O-O Nge7 7. d3 O-O 8. Be3 b6 9. Qd2 d5 10. exd5 exd5 11. Bh6 Bxh6 12. Qxh6 Nf5 13. Qf4 Bb7 14. g4 Nfd4 15. Qh6 Nxf3+ 16. Bxf3 Nd4 17. Bd1 Qd7 18. h3 Rae8 19. f4 b5 20. f5 Kh8 21. f6 Rg8 22. a4 b4 23. Nb5 Nxb5 24. axb5 Qxb5 25.
Rxa7 Qb6 26. Ra1 d4 27. Bf3 Re3 28. Kg2 Bxf3+ 29. Rxf3 Re2+ 30. Kh1 Qc6 31. Rf1 Rxc2 32. Kg1 Qd6 33. Re1 Qh2+ 34. Kf1 Qg2# 0

[Event "Open Nuevo Centro. Jornada 1"]
[Site "Chess.com"]
[Date "2020.06.19"]
[Round "6"]
[White "Movsisyan, Tigran"]
[Black "Rodriguez Rodriguez, Joan David "]
[Result "1-0"]
[WhiteElo "1885"]
[BlackElo "1627"]
[TimeControl "180+2"]
[EndTime "11:39:46 PDT"]
[Termination "Victoria de USHADIRvzgo por abandono"]

1. d4 d5 2. c4 e6 3. Nc3 c6 4.
Nf3 Nf6 5. Bg5 h6 6. Bxf6 Qxf6 7. e3 Bd6 8. Bd3 O-O 9. O-O Nd7 10. Rb1 Qe7 11. a3 a5 12. c5 Bc7 13. b4 axb4 14. axb4 e5 15. dxe5 Nxe5 16. Nxe5 Bxe5 17. Ne2 Bg4 18. h3 Bh5 19. Qc2 Ra7 20. Nf4 Qg5 21.
Nxh5 Qxh5 22. b5 Rfa8 23. bxc6 bxc6 24. Rb6 Ra1 25. Rxc6 Rxf1+ 26. Bxf1 Rb8 27. f4 Bf6 28. Bd3 Qh4 29. Qf2 Qh5 30. Kh2 Qd1 31. Qe2 Qb3 32. Qc2 Qxc2 33. Bxc2 g6 34. Rxf6 1

[Event "Open Nuevo Centro. Jornada 1"]
[Site "Chess.com"]
[Date "2020.06.19"]
[Round "6"]
[White "Hern�ndez Tom�s, Efr�n"]
[Black "Mart�nez Cuenca, Jose Andr�s"]
[Result "1-0"]
[WhiteElo "981"]
[BlackElo "1056"]
[TimeControl "180+2"]
[EndTime "11:40:07 PDT"]
[Termination "Victoria de EfrenHT10 por tiempo"]

1. e4 c5 2. Nf3 g6 3. Bc4 Bg7 4. Ng5 e6 5. d3 Nc6 6. O-O Nf6 7. Nc3 O-O 8. Bf4 d6 9. Nb5 e5 10. Bxf7+ Rxf7 11. Nxf7 Kxf7 12. Bg5 h6 13. Bxf6 Bxf6 14. Qf3 Kg8 15. Nc7 Qxc7 16. Qxf6 Qf7 17. Qxf7+ Kxf7 18. Rad1 Nd4 19. c3 Nc6 20. b4 cxb4 21. cxb4 Nxb4 22.
a3 Nc6 23. Rd2 Be6 24. Rb2 b6 25. Rc1 Nd4 26. Rc7+ Ke8 27. Rh7 h5 28. Rh8+ Kd7 29. Rxa8 a5 30. Rxb6 Ne2+ 31. Kf1 Nf4 32. Ra7+ Kc8 33.
Rxd6 Bg8 34. Ra8+ Kc7 35. Rdd8 Bb3 36. g3 Ne6 37. Re8 Ng7 38. Re7+ Kb6 39. Rxg7 Bc2 40. Rxg6+ Kb7 41. Re8 Bxd3+ 42. Ke1 Bb5 43. Re7+ 1

[Event "Open Nuevo Centro. Jornada 1"]
[Site "Chess.com"]
[Date "2020.06.19"]
[Round "6"]
[White "Vorozbits Moisejevs, Daniels"]
[Black "Juan Alos, Sergio"]
[Result "1-0"]
[WhiteElo "934"]
[BlackElo "1038"]
[TimeControl "180+2"]
[EndTime "11:40:13 PDT"]
[Termination "Victoria de UgnadaKnukes por tiempo"]

1. e4 c6 2. Nc3 d5 3. exd5 cxd5 4. Bb5+ Nc6 5. Bxc6+ bxc6 6. Nf3 Nf6 7. O-O Bg4 8.
d3 e6 9. Be3 Bd6 10. h3 Bh5 11. Qe2 O-O 12. Rfe1 c5 13. Nb5 d4 14. Bd2 Bb8 15.
Na3 a6 16. Nc4 Nd7 17. Qe4 Bxf3 18. Qxf3 Nb6 19. Nxb6 Qxb6 20. Qxa8 Bh2+ 21. Kxh2 Rxa8 22. Rab1 Qc6 23. Bf4 a5 24. a3 c4 25. Rbc1 c3 26.
bxc3 Qxc3 27. a4 Qb4 28. Ra1 Rc8 29. Reb1 Qe7 30. Rb2 g6 31. Rab1 Kg7 32. Be5+ f6 33. Bxd4 Kh6 34. Be3+ g5 35. Rb7 Qd6+ 36. Kg1 Rxc2 37.
R7b6 Rc6 38. R6b5 Rc2 39. Rb6 Qa3 40. Rxe6 Qxa4 41. Rxf6+ Kh5 42. g4+ Kh4 43. Kg2 h5 44. Rh6 1

[Event "Open Nuevo Centro. Jornada 1"]
[Site "Chess.com"]
[Date "2020.06.19"]
[Round "6"]
[White "Saiz Sapena, Veronica"]
[Black "Ursariu, Nikolas Victor"]
[Result "1-0"]
[WhiteElo "1570"]
[BlackElo "1321"]
[TimeControl "180+2"]
[EndTime "11:40:43 PDT"]
[Termination "Victoria de Titina1 por jaque mate"]

1. e4 e5 2. d4 exd4 3. Nf3 Nc6 4.
Bc4 Nf6 5. Ng5 Rg8 6. Bxf7+ Ke7 7. Bxg8 h6 8. O-O hxg5 9. Bxg5 d6 10. Bd5 Ke8 11.
Bxf6 Qxf6 12. Bxc6+ Bd7 13. Bxd7+ Kxd7 14. Qg4+ Kd8 15.
Nd2 Be7 16. Rab1 Qe5 17. f4 Qf6 18. Qf3 Kd7 19. Nc4 Rd8 20. e5 dxe5 21. Nxe5+ Kc8 22. Qg4+ Kb8 23. Nd7+ Rxd7 24. Qxd7 Qf8 25. g3 Bc5 26. Kh1 Qc8 27. Qxc8+ Kxc8 28. Rfe1 Kd7 29. Rbd1 c6 30. c3 Kc7 31. cxd4 Bd6 32. Re6 Bb4 33. a3 Bd6 34.
Rxd6 Kxd6 35. Kg2 Kd5 36. Kf3 g6 37. Kg4 Ke6 38. Kg5 Kf7 39. b4 Kg7 40. Re1 Kf7 41. h4 b6 42. h5 gxh5 43. Kxh5 Kf6 44. g4 a6 45. g5+ Kg7 46. f5 a5 47. bxa5 bxa5 48.
Re6 a4 49. Rxc6 Kf7 50. Kh6 Kg8 51. Kg6 Kf8 52. Rc7 Ke8 53. Kf6 Kd8 54. Rh7 Ke8 55. g6 Kd8 56. g7 Ke8 57. g8=Q# 1

[Event "Open Nuevo Centro. Jornada 1"]
[Site "Chess.com"]
[Date "2020.06.19"]
[Round "6"]
[White "Garcia Trobat, Francisco"]
[Black "Gutierrez Marco, Dario"]
[Result "1-0"]
[WhiteElo "2225"]
[BlackElo "1936"]
[TimeControl "180+2"]
[EndTime "11:40:46 PDT"]
[Termination "Victoria de NoSure por tiempo"]

1. e4 c5 2. Nf3 e6 3. d3 Nc6 4. g3 d5 5. Nbd2 Bd6 6. Bg2 Nge7 7. O-O O-O 8. Re1 b6 9. e5 Bc7 10. c3 a5 11. d4 Ba6 12. Nf1 Nf5 13.
Ne3 Nxe3 14. Bxe3 cxd4 15. cxd4 Rc8 16. a3 Bb8 17. h4 b5 18. Bf1 Qb6 19. Bd3 b4 20.
Ng5 Bxd3 21. Qxd3 g6 22. h5 Ba7 23. hxg6 hxg6 24. Nxe6 Rfe8 25. Nf4 Kg7 26. Nxd5 Qd8 27.
Qe4 Ne7 28. Nf6 Rh8 29. Kg2 Nf5 30. Rh1 Qe7 31. Nd5 Qe6 32. Nf4 Qd7 33. e6 fxe6 34. Nxe6+ Kf6 35. Bg5+ Kf7 36. d5 Nd6 37. Qf4+ Nf5 38.
Qe5 Bd4 39. Nxd4 Nxd4 40. Qf6+ Ke8 41. Qxh8+ Kf7 42. Qf6+ 1

[Event "Open Nuevo Centro. Jornada 1"]
[Site "Chess.com"]
[Date "2020.06.19"]
[Round "6"]
[White "Gracia Calvo, Andres"]
[Black "Macias Pino, Diego"]
[Result "0-1"]
[WhiteElo "1846"]
[BlackElo "2162"]
[TimeControl "180+2"]
[EndTime "11:40:56 PDT"]
[Termination "Victoria de jesuimafe por abandono"]

1. d4 d5 2. Nf3 Nf6 3. Bf4 c5 4.
e3 Nc6 5. c3 Bf5 6. Bd3 Bg6 7.
O-O e6 8. h3 a6 9. a4 c4 10.
Bxg6 hxg6 11. Nbd2 Be7 12. Re1 b5 13. axb5 axb5 14.
Qc2 O-O 15. e4 Qd7 16. exd5 Nxd5 17. Bg3 Nb6 18. Ne4 Na4 19. Ne5 Nxe5 20. Bxe5 Ra6 21.
Nc5 Nxc5 22. Rxa6 Nxa6 23. Ra1 Qb7 24. b3 Nc7 25. bxc4 bxc4 26. Rb1 Qc6 27. Qb2 Nd5 28. Ra1 Bd6 29. Bxd6 Qxd6 30. Rb1 Rc8 31. Qb7 Qc6 32. Qb2 Nf4 33. f3 Kh7 34. Qd2 Nd5 35. h4 Qd6 36. h5 gxh5 37. Qg5 g6 38. Kf2 Nxc3 39. Rb7 Rc7 40. Rb8 Qxd4+ 41. Kg3 Rc5 42. Qe7 Qe5+ 43.
Kh3 Qxb8 44. Qxf7+ Kh6 45. Qf4+ Qxf4 0

[Event "Open Nuevo Centro. Jornada 1"]
[Site "Chess.com"]
[Date "2020.06.19"]
[Round "6"]
[White "Granero Roca, Antonio"]
[Black "Garcia, Jhoel"]
[Result "1-0"]
[WhiteElo "2525"]
[BlackElo "2323"]
[TimeControl "180+2"]
[EndTime "11:41:05 PDT"]
[Termination "Victoria de Somtor por abandono"]

1. Nf3 Nf6 2. g3 g6 3. Bg2 Bg7 4. O-O O-O 5. d3 d6 6. c4 e5 7.
Nc3 Nc6 8. Bg5 h6 9. Bxf6 Bxf6 10. Nd2 Bg7 11. Rb1 Be6 12. b4 Qd7 13. b5 Nd8 14. Nd5 c6 15. bxc6 bxc6 16. Nc3 f5 17. Qc2 Kh8 18. e3 f4 19. Nce4 Bh3 20. Qd1 Bxg2 21.
Kxg2 d5 22. Nc5 Qe7 23. Ncb3 Ne6 24. Qg4 Rf6 25. Rbc1 h5 26. Qe2 Raf8 27. f3 Kh7 28. e4 Bh6 29. cxd5 cxd5 30. exd5 Ng5 31. Ne4 Nxe4 32. Qxe4 fxg3 33. hxg3 Bxc1 34. Nxc1 Rf5 35. d4 Qd6 36. Ne2 exd4 37. Nf4 Qe5 38. Rd1 h4 39.
Rh1 g5 40. Ne6 Qxe4 41. fxe4 Rf2+ 42. Kh3 R8f3 43. Nxg5+ Kg6 44. Nxf3 Rxf3 45. Kxh4 Re3 46. Kg4 Rxe4+ 47. Kf3 Re3+ 48. Kf4 Re5 49. Kxe5 1

[Event "Open Nuevo Centro. Jornada 1"]
[Site "Chess.com"]
[Date "2020.06.19"]
[Round "6"]
[White "Gimeno Higueras, Roberto"]
[Black "Lloret Ramis, Juan Jos�"]
[Result "0-1"]
[WhiteElo "2034"]
[BlackElo "1982"]
[TimeControl "180+2"]
[EndTime "11:41:27 PDT"]
[Termination "Victoria de Amiplim por jaque mate"]

1. e4 e6 2. d4 d5 3. Nc3 Bb4 4. exd5 exd5 5. Qh5 Nf6 6. Qh4 Nc6 7. Nf3 Ne4 8. Qxd8+ Kxd8 9. Bd2 Nxd2 10. Kxd2 Bg4 11.
Bb5 Bxf3 12. Bxc6 bxc6 13. gxf3 Kd7 14. Rhg1 g6 15. a3 Bd6 16. h4 h5 17. Kd3 Rae8 18.
Rae1 Be7 19. Rh1 Bf6 20. Rxe8 Rxe8 21. Na4 Be7 22. c4 dxc4+ 23. Kxc4 Bf6 24. Nc5+ Kd8 25. b4 Re2 26. Rd1 Rc2+ 27. Kb3 Rxf2 28. d5 Rxf3+ 29. Ka4 cxd5 30. Rxd5+ Ke8 31. Kb5 Rxa3 32. Kc6 Bxh4 33. Kxc7 Bg3+ 34. Kc6 h4 35. Ne4 h3 36. Rd2 h2 37. Nxg3 Rxg3 38. Rxh2 Ra3 39. Kd6 Kf8 40. b5 Kg7 41. Kc5 Ra5 42. Kb4 Ra1 43. Rc2 g5 44.
Kc5 Kg6 45. Kd5 Ra5 46. Rc5 g4 47. Ke4 Ra4+ 48. Ke3 f5 49. Rc8 Rb4 50. Rg8+ Kf7 51. Ra8 f4+ 52. Kf2 Rxb5 53. Rxa7+ Kf6 54. Ra2 Kf5 55.
Kg2 g3 56. Ra8 Rb2+ 57. Kf3 Rf2# 0

[Event "Open Nuevo Centro. Jornada 1"]
[Site "Chess.com"]
[Date "2020.06.19"]
[Round "6"]
[White "Crevillen Abad, Clemente"]
[Black "Deusa Ballesteros, Lucas "]
[Result "1-0"]
[WhiteElo "1770"]
[BlackElo "1450"]
[TimeControl "180+2"]
[EndTime "11:41:37 PDT"]
[Termination "Victoria de Clementovich por jaque mate"]

1. e4 e6 2. d4 d5 3. e5 c5 4. c3 Nc6 5. Nf3 Nge7 6. Bd3 Nf5 7. Bxf5 exf5 8. O-O Be6 9. Be3 b6 10. Na3 Be7 11. Nc2 O-O 12. Nd2 Rc8 13. f4 Na5 14.
dxc5 Bxc5 15. Bxc5 bxc5 16. Nf3 Nc4 17. b3 Nb6 18. Qe2 Qc7 19. Rfd1 Rfd8 20. Rd2 c4 21. b4 Na4 22. Qe3 Qb6 23. Nfd4 Rd7 24. Kf2 Rcd8 25. Rc1 Nb2 26. Ne1 Na4 27. Nef3 h6 28. Nxe6 fxe6 29. Qxb6 axb6 30. Nd4 Kf7 31. h3 h5 32. Kf3 Rb7 33. Nb5 Rbb8 34. Nd4 Rb7 35. Nb5 Rbb8 36. Nd4 Rdc8 37.
g4 hxg4+ 38. hxg4 fxg4+ 39. Kxg4 b5 40. Rf2 Rb7 41. f5 exf5+ 42. Nxf5 Ke6 43. Nd6 Ke7 44. Nxc8+ Kd7 45. Nd6 Rb6 46. Rf7+ Ke6 47. Rxg7 Kxe5 48. Nf5 Kf6 49. Rh7 Re6 50. Rh6+ Kf7 51. Rxe6 Kxe6 52.
Nd4+ Kd6 53. Kf3 Nb2 54. Nxb5+ Kc6 55. Nd4+ Kb6 56. Rh1 Nd3 57. a4 Nxb4 58. cxb4 Kc7 59. Rh5 Kb8 60. Rxd5 Kc8 61. Ke4 Kb8 62. Rh5 Kc8 63.
Rh7 Kb8 64. Kd5 Kc8 65. Kc6 Kb8 66. Rg7 Kc8 67. Rg8# 1

[Event "Open Nuevo Centro. Jornada 1"]
[Site "Chess.com"]
[Date "2020.06.19"]
[Round "6"]
[White "Mart�nez Carvajal, Juan Francisco"]
[Black "Donate Peris, Jose Manuel"]
[Result "0-1"]
[WhiteElo "1742"]
[BlackElo "1598"]
[TimeControl "180+2"]
[EndTime "11:41:39 PDT"]
[Termination "Victoria de cheryme por abandono"]

1. Nf3 d5 2. c4 e6 3. cxd5 exd5 4. g3 c5 5. Bg2 Be6 6. O-O Nf6 7. d4 c4 8. Nc3 Be7 9. Ne5 Nc6 10. b3 cxb3 11.
axb3 O-O 12. Bg5 h6 13. Bxf6 Bxf6 14. e3 Nxe5 15. dxe5 Bxe5 16. Nxd5 Bxa1 17. Qxa1 Qg5 18. Nf4 Bxb3 19. Bxb7 Rab8 20. Qxa7 Be6 21. Bg2 Qb5 22. Nxe6 fxe6 23. Rd1 Qb6 24. Qd7 Rfd8 25. Qa4 Rxd1+ 26. Qxd1 Qb1 27. Qxb1 Rxb1+ 28. Bf1 Kf7 29. Kg2 Kf6 30. Bd3 Ra1 31. Kf3 g5 32. h3 Ra3 33. Be4 Ke5 34.
Bc2 Ra2 35. Bb3 Rb2 36. Bc4 Kf5 37. Bd3+ Kf6 38. Bc4 e5 39. Bd3 Rb3 40. Be4 Rb4 41. Bd5 Ra4 42. e4 h5 43. g4 Ra3+ 44. Kg2 h4 45. Bc6 Ke7 46. Bd5 Kd6 47. Bb7 Kc5 48. Bd5 Kd4 49. Bc6 Kd3 50. Bb5+ Kd2 51. Bc4 Ke1 52. Bb5 Rb3 53. Bc4 Rb2 54. Kg1 Rxf2 55. Bd5 Rf3 56. Kg2 Ra3 57. Be6 Kd2 58. Bf5 Ke3 59. Bg6 Ra2+ 60. Kg1 Kf3 61.
Bf5 Kg3 62. Kf1 Kxh3 63. Ke1 Kg3 64. Kf1 h3 0

[Event "Open Nuevo Centro. Jornada 1"]
[Site "Chess.com"]
[Date "2020.06.19"]
[Round "6"]
[White "Castellano L�pez, Javier"]
[Black "Gil Lopez, Alejandro"]
[Result "0-1"]
[WhiteElo "1757"]
[BlackElo "2042"]
[TimeControl "180+2"]
[EndTime "11:41:46 PDT"]
[Termination "Victoria de AglVal0313 por jaque mate"]

1. d4 e5 2. d5 d6 3. c4 f5 4. Nc3 Nf6 5. f3 Bd7 6. e4 f4 7.
Nge2 Be7 8. b4 c6 9. Bb2 cxd5 10. cxd5 O-O 11. Nc1 a5 12. a3 axb4 13. axb4 Rxa1 14. Bxa1 Qb6 15. Nd3 Rc8 16. Qd2 Na6 17. Na2 Ne8 18.
Be2 Bh4+ 19. g3 fxg3 20. hxg3 Bxg3+ 21. Kf1 Bb5 22. Kg2 Bxd3 23. Bxd3 Bf4 24. Qe1 Qd8 25. Rh4 Qg5+ 26. Rg4 Qh5 27. Qg1 Nf6 28. Rxf4 exf4 29. Kf2 Qg6 30. Qf1 Qg3+ 31. Ke2 Qh2+ 32. Qf2 Qxf2+ 33. Kxf2 Nd7 34. Bd4 Ne5 35. Bb1 h5 36.
Bc3 g5 37. Bd2 Kf7 38. Ke2 h4 39. Kf2 h3 40. Bc3 Kf6 41. Bd2 Rh8 42. Kg1 Nxf3+ 43.
Kh1 Nxd2 44. Bd3 Ke5 45. b5 Nc7 46. Nb4 f3 47. b6 Ne8 48. Nc6+ Kf4 49. Ne7 Kg3 50.
Nf5+ Kf4 51. Ne7 Ke3 52. Bb5 Nxe4 53. Nf5+ Kf4 54. Nd4 Ng7 55. Nc6 h2 56. Ne7 Ng3# 0

[Event "Open Nuevo Centro. Jornada 1"]
[Site "Chess.com"]
[Date "2020.06.19"]
[Round "6"]
[White "Hassomal Daswani, Birjkumar"]
[Black "Casado Andreu, David"]
[Result "1-0"]
[WhiteElo "1843"]
[BlackElo "1568"]
[TimeControl "180+2"]
[EndTime "11:42:08 PDT"]
[Termination "Victoria de daz000007 por abandono"]

1. e4 e5 2. Nf3 Nc6 3. Bb5 a6 4. Ba4 Nf6 5. d3 b5 6. Bb3 Bc5 7. Nbd2 h6 8. Nf1 d6 9. c3 Bb6 10. Be3 Ne7 11. Bxb6 cxb6 12. Ne3 Be6 13. Bxe6 fxe6 14.
O-O O-O 15. Qb3 Qd7 16. Rad1 Ng6 17. Rfe1 Nh5 18. Nf5 Kh7 19. Ng3 Nhf4 20. d4 Qf7 21. dxe5 dxe5 22. Re3 Rad8 23. h3 Qf6 24. Nf1 Nh4 25.
Nxh4 Qxh4 26. Rxd8 Rxd8 27. Ng3 Qf6 28. Qc2 h5 29. Kh2 h4 30. Nf1 Qg5 31. g3 Qf6 32.
gxf4 Qxf4+ 33. Kg1 Qg5+ 34. Kh1 Rf8 35. Qe2 Rf6 36.
Nh2 Rg6 37. Ng4 Qe7 38. Rf3 b4 39. Nxe5 Rg5 40. Ng4 bxc3 41. bxc3 Qa3 42. e5 Qc1+ 43. Kh2 Rf5 44. Qe4 g6 45. Nf6+ Kg7 46. Rxf5 gxf5 47.
Qxh4 Qh6 48. Qxh6+ Kxh6 49. Kg3 Kg5 50. f4+ Kg6 51.
Ne8 Kf7 52. Nc7 a5 53. a4 Ke7 54. Kh4 Kf7 55. Kg5 Ke7 56. h4 Kf7 57. h5 Ke7 58. Kg6 Kd7 59. Nb5 Ke7 60. h6 Kf8 61. h7 1

[Event "Open Nuevo Centro. Jornada 1"]
[Site "Chess.com"]
[Date "2020.06.19"]
[Round "6"]
[White "Montesinos Diaz, Luis"]
[Black "Aymerich Rosell, Pablo"]
[Result "1-0"]
[WhiteElo "2033"]
[BlackElo "2001"]
[TimeControl "180+2"]
[EndTime "11:42:24 PDT"]
[Termination "Victoria de Gwiso_06 por abandono"]

1. d4 Nf6 2. Nf3 b6 3. e3 Bb7 4. Bd3 e6 5. Nbd2 d5 6. b3 Be7 7.
Bb2 O-O 8. O-O c5 9. c4 Nbd7 10. Ne5 Ne4 11. Nxd7 Qxd7 12. f3 Nxd2 13. Qxd2 Bf6 14.
Rae1 dxc4 15. bxc4 cxd4 16. exd4 Bxd4+ 17. Bxd4 Qxd4+ 18. Kh1 Rad8 19. Rd1 Qf6 20. Qf2 g6 21. h4 h5 22.
Qg3 Rd4 23. Be4 Bxe4 24. fxe4 Rxd1 25. Rxd1 Rd8 26. Rxd8+ Qxd8 27. Qf4 Kg7 28. Qe5+ Qf6 29. Qg3 Qf1+ 30. Kh2 Qxc4 31. Qe5+ Kh7 32. Qf6 Qc7+ 33. e5 Kg8 34. Qf4 a5 35. a4 Qc5 36. Qf6 Qd4 37.
g3 Qxa4 38. Qd8+ Kh7 39. Qxb6 Qc2+ 40. Kg1 Qd1+ 41. Kh2 Qe2+ 42. Kg1 Qxe5 43. Qb7 Qxg3+ 44. Kf1 Qf4+ 45. Kg1 a4 46. Qb2 Qg4+ 47. Kf1 Qxh4 48. Qb7 Qf4+ 49. Ke1 h4 50. Qh1 a3 51. Qa8 Qe3+ 52.
Kf1 h3 53. Qb7 Qf3+ 54. Qxf3 a2 55. Qxh3+ Kg7 56. Qa3 e5 57. Qxa2 f6 58. Kf2 g5 59.
Qa7+ Kg6 60. Qe3 Kf5 61. Kf3 g4+ 62. Kg3 Ke6 63. Kxg4 f5+ 64. Kg5 f4 65. Qe4 f3 66.
Qxf3 Kd6 67. Kf6 e4 68. Qxe4 Kc5 69. Ke5 Kb6 70. Qd5 1

[Event "Open Nuevo Centro. Jornada 1"]
[Site "Chess.com"]
[Date "2020.06.19"]
[Round "6"]
[White "Rodriguez, Mathias"]
[Black "Bendayan Claros, Aaron"]
[Result "0-1"]
[WhiteElo "1986"]
[BlackElo "1701"]
[TimeControl "180+2"]
[EndTime "11:42:33 PDT"]
[Termination "Victoria de Cuajada_Zero por jaque mate"]

1. e4 c6 2. d4 d5 3. e5 Bf5 4. Be3 e6 5. Nd2 Nd7 6. Nb3 Ne7 7. f4 h5 8. Be2 g6 9. Nf3 Bg4 10. O-O Nf5 11. Bf2 Be7 12. h3 Bxf3 13. Bxf3 h4 14. c3 Rc8 15. Be2 a6 16. Bd3 c5 17. Bxf5 gxf5 18. Qf3 a5 19. a4 Qb6 20. Qd1 Rg8 21. Kh1 c4 22. Nd2 Qxb2 23. Rb1 Qxc3 24. Rxb7 Qd3 25.
Nf3 Qe4 26. Bxh4 Bxh4 27. Nxh4 c3 28. Qf3 c2 29. Rc1 Qxd4 30. Qb3 Qxf4 31. Rxc2 Rxc2 32. Qxc2 Qxh4 33. Qc8+ Qd8 34. Qc6 f4 35. Qd6 f3 36.
gxf3 Rg3 37. Rb3 Rxh3+ 38. Kg2 Rh4 39. Kf2 Rh2+ 40. Ke3 Qg5+ 41. Kd4 Rd2+ 42. Rd3 Qf4+ 43. Kc3 Rxd3+ 44. Kxd3 Nxe5+ 45. Kc2 Qd4 46. Qb8+ Ke7 47. Qc7+ Nd7 48. Qxa5 Qc4+ 49. Kb2 d4 50. Qg5+ f6 51. Qg7+ Kd6 52. Qg3+ e5 53. Qe1 Nc5 54. a5 Nd3+ 55.
Ka3 Nxe1 56. a6 Qxa6+ 57. Kb2 Qc6 58. f4 exf4 59. Kb3 f3 60. Ka2 Qb6 61. Ka1 f2 62.
Ka2 f1=Q 63. Ka1 Qfa6# 0

[Event "Open Nuevo Centro. Jornada 1"]
[Site "Chess.com"]
[Date "2020.06.19"]
[Round "7"]
[White "Clement G�mez, Jos� Antonio"]
[Black "Campos Gambuti, Luis Mar�a"]
[Result "1/2-1/2"]
[WhiteElo "2487"]
[BlackElo "2339"]
[TimeControl "180+2"]
[EndTime "11:43:52 PDT"]
[Termination "Partida en tablas por mutuo acuerdo"]

1. c4 b6 2. Nf3 Bb7 3. g3 Bxf3 4. exf3 e6 5. Bg2 c6 6. O-O d5 7. d3 g6 8. f4 Bg7 9. Nc3 Ne7 10. Re1 O-O 11.
Qe2 1/2-1

[Event "Open Nuevo Centro. Jornada 1"]
[Site "Chess.com"]
[Date "2020.06.19"]
[Round "7"]
[White "Cebri�n Granado, Guille"]
[Black "Morata Briones, Carlos"]
[Result "0-1"]
[WhiteElo "404"]
[BlackElo "691"]
[TimeControl "180+2"]
[EndTime "11:45:40 PDT"]
[Termination "Victoria de CarlosMorata por jaque mate"]

1. d4 d5 2. e4 dxe4 3. Nf3 exf3 4. gxf3 e6 5. Qe2 Qxd4 6. Bh3 Nc6 7. Bd2 e5 8. c3 Qd5 9. Na3 Bxh3 10. c4 Qd4 11. Nc2 Qxb2 12. Rb1 Qxb1+ 13. Bc1 Qxc1+ 14. Qd1 Qxd1+ 15. Kxd1 Bg2 16. Re1 Bxf3+ 17. Kc1 O-O-O 18. Ne3 Nb4 19. a3 Nd3+ 20. Kd2 Nxe1+ 21. Kxe1 Bxa3 22. Nd1 Rxd1# 0

[Event "Open Nuevo Centro. Jornada 1"]
[Site "Chess.com"]
[Date "2020.06.19"]
[Round "7"]
[White "Aguado, Pablo Luis"]
[Black "Hern�ndez Tom�s, Efr�n"]
[Result "1-0"]
[WhiteElo "1438"]
[BlackElo "976"]
[TimeControl "180+2"]
[EndTime "11:46:09 PDT"]
[Termination "Victoria de PLAD_2006 por jaque mate"]

1. d4 e6 2. c4 Nc6 3. Nf3 Nf6 4. Nc3 d5 5. e3 Bb4 6. Bd2 Bxc3 7. Bxc3 O-O 8. Bd3 b6 9. O-O Bb7 10. b3 Qd6 11. Ne5 Nxe5 12. dxe5 Qc6 13. exf6 dxc4 14. Qg4 g6 15. Bxc4 h5 16. Qg5 Rfd8 17. f3 a6 18. Qh6 b5 19. Qg7# 1

[Event "Open Nuevo Centro. Jornada 1"]
[Site "Chess.com"]
[Date "2020.06.19"]
[Round "7"]
[White "Garcia, Jhoel"]
[Black "Donate Moreno, Silvia"]
[Result "1-0"]
[WhiteElo "2324"]
[BlackElo "1779"]
[TimeControl "180+2"]
[EndTime "11:46:33 PDT"]
[Termination "Victoria de shoels por abandono"]

1. g3 g6 2. Bg2 Bg7 3. Nf3 Nf6 4. O-O O-O 5. d4 d6 6. c4 Nc6 7. Nc3 e5 8. dxe5 dxe5 9. Bg5 Qxd1 10. Raxd1 Be6 11.
Nd5 Bxd5 12. cxd5 Nd4 13. Nxd4 exd4 14. Rxd4 Rfe8 15. Rd2 Nd7 16. e4 Nc5 17. f3 h6 18.
Be3 Nd7 19. Rc1 Rec8 20. Rdc2 Nb6 21. Rxc7 Bxb2 22. R1c2 Rxc7 23. Rxc7 1